 Dungeon Crawl Stone Soup version 0.16.1-28-gcc2312f (webtiles) character file.

13745 Miyamura the Fighter (level 11, -7/120 HPs)
             Began as a Troll Chaos Knight on May 27, 2015.
             Mangled by a six-headed hydra (8 damage)
             ... on level 2 of the Lair of Beasts.
             The game lasted 00:56:30 (11615 turns).

Miyamura the Fighter (Troll Chaos Knight)          Turns: 11615, Time: 00:56:30

Health: -7/120     AC:  9    Str: 20      XL:     11   Next: 79%
Magic:  4/4        EV:  9    Int:  9 (10) God:    Xom [..*...]
Gold:   677        SH:  0    Dex:  5 (10) Spells: 0 memorised, 10 levels left

rFire  . . .     SeeInvis .     D - +5 giant spiked club
rCold  . . .     Clarity  .     n - +2 robe {rN+}
rNeg   + . .     SustAb   .     (shield restricted)
rPois  .         Gourm    +     (helmet restricted)
rElec  .         Spirit   .     t - +2 cloak
rCorr  .         Warding  .     (gloves unavailable)
rMut   .         Stasis   .     (boots unavailable)
MR     +....                    s - amulet of rage
Stlth  ++........               (no ring)
                                v - ring of protection from magic

@: somewhat resistant to hostile enchantments, unstealthy
A: unfitting armour, claws 3, camouflage 1, deformed body, deterioration 1, fast
metabolism 3, gourmand, regeneration 2, shaggy fur 1, tough skin 2, weak 1
a: Renounce Religion, Evoke Berserk Rage


You were on level 2 of the Lair of Beasts.
You worshipped Xom.
You were a toy of Xom.
You were hungry.

You visited 3 branches of the dungeon, and saw 14 of its levels.
You also visited: Ossuary and Bailey.

You collected 677 gold pieces.

Inventory:

Hand weapons
 C - the +7 lajatang of Order {silver, rMut}
   (You found it on level 4 of the Dungeon)

   It protects you from mutation.
 D - a +5 giant spiked club (weapon)
 E - a +2 flail of crushing
Armour
 n - a +2 robe of positive energy (worn)
 t - a +2 cloak (worn)
Magical staves
 K - an uncursed staff of fire
Jewellery
 s - an amulet of rage (around neck)
 v - a ring of protection from magic (left claw)
 J - a +3 ring of strength {unknown}
Magical devices
 c - a wand of hasting (3)
 d - a wand of teleportation (2)
 j - a wand of hasting (5)
 q - a wand of cold (8)
 r - a wand of fire (0)
 y - a wand of frost (11)
 A - a wand of digging (10)
 F - a wand of disintegration (9)
Scrolls
 p - a scroll of recharging
 G - a scroll of teleportation
 H - a scroll of immolation {unknown}
 I - a scroll of fog
Potions
 e - 3 potions of flight
 g - 2 potions of might
 l - 2 potions of curing
 o - 2 potions of restore abilities
 u - a potion of haste
 w - a potion of brilliance
 x - a potion of agility
 z - a potion of magic
Books
 b - a book of the Dragon

   Spells                             Type                      Level
   a - Flight                         Charms/Air                   3
   b - Cause Fear                     Hexes                        4
   c - Bolt of Fire                   Conjuration/Fire             6
   d - Dragon Form                    Transmutation                7
   e - Dragon's Call                  Summoning                    9
 B - a book of Unlife

   Spells                             Type                      Level
   a - Recall                         Summoning/Translocation      3
   b - Animate Dead                   Necromancy                   4
   c - Control Undead                 Necromancy                   4
   d - Cigotuvi's Embrace             Necromancy                   5
   e - Death Channel                  Necromancy                   6
   f - Simulacrum                     Ice/Necromancy               6
Comestibles
 a - 9 meat rations
 f - 11 beef jerkies
 h - a royal jelly
 k - 6 bread rations
 m - 9 fruits


   Skills:
 + Level 11.2 Fighting
 + Level 10.4 Staves
 - Level 3.7 Armour
 - Level 2.8 Dodging
 - Level 4.7 Unarmed Combat


You had 10 spell levels left.
You didn't know any spells.

Dungeon Overview and Level Annotations

Branches:
Dungeon (11/15)            Temple (1/1) D:6            Lair (2/8) D:9
    Orc: D:9-12

Altars:
Ashenzari
Cheibriados
Dithmenos
Elyvilon
Fedhas
Gozag
Kikubaaqudgha
Makhleb
Nemelex Xobeh
Okawaru
Qazlal
Ru
Sif Muna
Trog
Vehumet
Xom
Yredelemnul
Zin
The Shining One

Annotations:
D:6 2 runed doors


Innate Abilities, Weirdness & Mutations

You are too large for most types of armour.
You have claws for hands.
Your metabolism is lightning-fast.
You like to eat raw meat.
You heal very quickly.
You are covered in fur (AC +1).
You have very tough skin (AC +2).
Your skin changes colour to match your surroundings (Stealth).
Armour fits poorly on your strangely shaped body.
Your body is slowly deteriorating.
You are weak. (Str -2)


Message History

Okay, then.
Drink which item? (? for menu, Esc to quit)
Okay, then.
Evoke which item? (* to show all) (? for menu, Esc to quit)
Okay, then.
Evoke which item? (* to show all) (? for menu, Esc to quit)
Okay, then.
Drink which item? (? for menu, Esc to quit)
Okay, then.
You hit the six-headed hydra.
The six-headed hydra is severely wounded.
The six-headed hydra bites you.
* * * LOW HITPOINT WARNING * * *
The six-headed hydra bites you!
* * * LOW HITPOINT WARNING * * *
The six-headed hydra bites you.
* * * LOW HITPOINT WARNING * * *
The six-headed hydra bites you!
You die...
Xom is highly amused!

. .. .. ##. ..# .###..###.PP#
.............. ... ....#.......#
# .... ........... .... (.... ...
........†D####.# #...... ....#.
..#......@.#.#P.##P......
................................
#......##...........###.........#
#......##P.........###.#†......#
.................................
#......#....#.†#.###..#.#..[.##.
................................
.........###...###.#...#..P#....
...........r...................


You could see a six-headed hydra.

Vanquished Creatures
  A great orb of eyes (D:11)
  Nergalle (Lair:1)
  2 hill giants
  An orc knight (D:7)
  Maurice (D:8)
  A komodo dragon (Lair:1)
  A centaur skeleton (D:11)
  2 spiny frogs (Lair:1)
  2 trolls
  Prince Ribbit (D:7)
  A two-headed ogre (D:8)
  2 basilisks
  A deep elf mage (D:11)
  18 yaks
  A hippogriff (D:7)
  A naga (D:10)
  3 water moccasins
  5 porcupines
  A necrophage (D:5)
  A phantom (D:6)
  A black bear (D:9)
  An orc warrior (D:8)
  2 ice beasts
  2 sky beasts
  2 slaves (D:8)
  A tengu (D:11)
  6 ogres
  6 centaurs
  2 crocodiles (D:9)
  5 giant frogs
  Blork the orc (D:8)
  A water moccasin zombie (Ossuary)
  A wyvern zombie (D:11)
  2 scorpions
  A water moccasin skeleton (D:6)
  5 killer bees (D:8)
  4 wights (D:6)
  A centaur zombie (D:7)
  A quasit (D:10)
  A giant frog zombie (D:5)
  4 hounds
  An orc priest (D:7)
  5 jellies
  5 crimson imps
  6 worker ants
  7 orc wizards
  5 iguanas
  3 big kobold zombies (Ossuary)
  2 hound zombies (D:5)
  2 mummies (Ossuary)
  A worker ant zombie (D:5)
  10 gnolls
  32 river rats
  8 adders
  2 giant mites
  A worm (D:3)
  4 shadow imps
  2 ufetubi
  An adder skeleton (D:9)
  6 adder zombies
  7 giant geckos
  3 oozes
  33 orcs
  4 giant cockroaches
  A gnoll zombie (Ossuary)
  15 hobgoblins
  15 jackals
  10 kobolds
  A ball python (D:3)
  18 bats
  3 giant newts
  A giant spore (D:7)
  5 goblins
  2 hobgoblin zombies (Ossuary)
  7 kobold zombies (Ossuary)
  3 orc zombies (Ossuary)
  4 quokkas
  A quokka skeleton (D:4)
  16 rats
  8 ballistomycetes
357 creatures vanquished.

Vanquished Creatures (collateral kills)
  Pikel (D:8)
  A jelly (D:10)
  An orc (D:8)
  A giant cockroach (D:4)
  A hobgoblin (D:11)
5 creatures vanquished.

Vanquished Creatures (others)
  A yak (D:11)
  A slave (D:8)
  An ufetubus (D:9)
  An orc (D:8)
  A bat (D:8)
  2 giant spores
  A kobold (D:8)
  A bush (D:9)
  2 butterflies (D:6)
  A fungus (Lair:1)
12 creatures vanquished.

Grand Total: 374 creatures vanquished

Notes
Turn   | Place    | Note
--------------------------------------------------------------
     0 | D:1      | Miyamura, the Troll Chaos Knight, began the quest for the Orb.
     0 | D:1      | Reached XP level 1. HP: 22/22 MP: 1/1
    29 | D:1      | XOM: divination: magic mapping
   167 | D:1      | XOM: harmless Necr miscast
   170 | D:1      | Reached skill level 1 in Dodging
   175 | D:1      | Reached XP level 2. HP: 29/29 MP: 1/1
   598 | D:2      | XOM: potion effect (invisibility)
   604 | D:2      | Reached XP level 3. HP: 36/36 MP: 2/2
   794 | D:2      | XOM: silly message
  1146 | D:2      | XOM: harmless Chrm miscast
  1208 | D:3      | Reached XP level 4. HP: 34/44 MP: 2/2
  1276 | D:3      | XOM: vitrification
  1345 | D:3      | XOM: give mutations
  1345 | D:3      | Gained mutation: You have large cloven feet. [Xom's grace]
  1345 | D:3      | Gained mutation: You can spit poison. [Xom's grace]
  1345 | D:3      | Gained mutation: Your muscles are strong. (Str +2) [Xom's grace]
  1872 | D:3      | Reached XP level 5. HP: 52/52 MP: 2/2
  1878 | D:3      | XOM: polymorph jackal -> ball python
  2080 | D:4      | Noticed an ogre
  2085 | D:4      | XOM: smoke on damage
  2088 | D:4      | Killed an ogre
  2088 | D:4      | Reached skill level 4 in Unarmed Combat
  2095 | D:4      | Found a sand-covered staircase.
  2105 | Ossuary  | Entered an ossuary
  2179 | Ossuary  | Reached XP level 6. HP: 61/61 MP: 3/3
  2341 | D:4      | XOM: summons friendly shadow imp
  2687 | D:4      | Reached XP level 7. HP: 59/68 MP: 3/3
  2758 | D:4      | Got an ichor-stained war axe
  2778 | D:4      | Identified the +1 war axe "Ziebid" {chop, -Tele +Inv rElec Str+6 Stlth-} (You found it on level 4 of the Dungeon)
  2947 | D:5      | Entered Level 5 of the Dungeon
  2997 | D:5      | XOM: destruction
  3133 | D:5      | XOM: give mutation
  3133 | D:5      | Gained mutation: You have a pair of small antennae on your head. [Xom's grace]
  3254 | D:5      | Reached skill level 1 in Staves
  3263 | D:5      | XOM: 2-stop teleportation journey
  3384 | D:5      | XOM: fog
  3556 | D:5      | Found an ancient bone altar of Kikubaaqudgha.
  3582 | D:5      | Got a pitted buckler
  3746 | D:5      | Found a burning altar of Makhleb.
  3867 | D:6      | Reached skill level 5 in Fighting
  3932 | D:6      | Reached XP level 8. HP: 60/80 MP: 3/3
  3956 | D:6      | Found a staircase to the Ecumenical Temple.
  3961 | D:6      | XOM: divination: magic mapping
  3971 | D:6      | XOM: potion effect (curing)
  4083 | Temple   | Entered the Ecumenical Temple
  4460 | D:6      | XOM: silly message
  4612 | D:5      | XOM: mild Summ miscast
  4627 | D:5      | Reached skill level 6 in Fighting
  4702 | D:6      | XOM: torment (40/83 hp)
  4763 | D:6      | XOM: 2-stop teleportation journey
  4828 | D:6      | Found a runed door.
  4841 | D:6      | Found a runed door.
  4859 | D:6      | XOM: harmless Divn miscast
  4926 | D:6      | XOM: god gift: scroll labeled QUWAIGHA XAID
  5036 | D:6      | XOM: summons friendly shadow imp
  5117 | D:7      | Noticed Prince Ribbit
  5124 | D:7      | Killed Prince Ribbit
  5127 | D:7      | Reached skill level 5 in Staves
  5174 | D:7      | Reached XP level 9. HP: 92/92 MP: 4/4
  5362 | D:7      | Reached skill level 7 in Fighting
  5375 | D:7      | Found a blossoming altar of Fedhas.
  5402 | D:7      | Found a flagged portal.
  5409 | D:7      | XOM: enchant monster (bad)
  5412 | Bailey   | Entered a bailey
  5435 | Bailey   | Noticed an orc knight
  5435 | Bailey   | XOM: mild Air miscast
  5438 | Bailey   | Noticed an orc knight
  5438 | Bailey   | Lost mutation: Your muscles are strong. (Str +2) [potion of cure mutation]
  5438 | Bailey   | Lost mutation: You have a pair of small antennae on your head. [potion of cure mutation]
  5438 | Bailey   | Lost mutation: You have large cloven feet. [potion of cure mutation]
  5438 | Bailey   | Lost mutation: You can spit poison. [potion of cure mutation]
  5441 | Bailey   | XOM: enchant monster (good)
  5518 | D:8      | XOM: give mutations
  5518 | D:8      | Gained mutation: You are weak. (Str -2) [Xom's mischief]
  5518 | D:8      | Gained mutation: Armour fits poorly on your strangely shaped body. [Xom's mischief]
  5518 | D:8      | Gained mutation: Your body is slowly deteriorating. [Xom's mischief]
  5736 | D:7      | Identified the +0 buckler "Ukufin" {rPois rC+ rCorr Str-5 Dex-3} (You found it on level 5 of the Dungeon)
  5838 | D:7      | Killed an orc knight
  5861 | D:7      | XOM: colour smoke trail
  6083 | D:8      | XOM: enchant monster (bad)
  6098 | D:8      | Noticed Maurice
  6117 | D:8      | XOM: divination: detect creatures
  6118 | D:8      | Noticed Pikel
  6137 | D:8      | Noticed Blork the orc
  6484 | D:8      | XOM: confuse monster(s)
  6486 | D:8      | Reached skill level 8 in Fighting
  6552 | D:8      | XOM: confusion
  6553 | D:8      | XOM: divination: detect creatures
  6572 | D:8      | XOM: summons friendly iron imp
  6578 | D:8      | Killed Pikel
  6580 | D:8      | Killed Blork the orc
  6580 | D:8      | Reached XP level 10. HP: 80/106 MP: 4/4
  6769 | D:8      | XOM: enchant monster (good)
  6831 | D:8      | XOM: confuse monster(s)
  6835 | D:8      | XOM: confuse monster(s)
  6849 | D:8      | Killed Maurice
  6965 | D:9      | XOM: stealth player
  7070 | D:9      | XOM: confuse monster(s)
  7075 | D:9      | XOM: confuse monster(s)
  7081 | D:9      | XOM: divination: detect creatures
  7114 | D:9      | Found a white marble altar of Elyvilon.
  7266 | D:9      | XOM: summons 5 friendly demons
  7268 | D:9      | XOM: noise
  7281 | D:9      | Reached skill level 9 in Fighting
  7283 | D:9      | XOM: enchant monster (good)
  7293 | D:9      | XOM: summons 1 friendly demon
  7302 | D:9      | XOM: divination: detect items
  7327 | D:9      | XOM: confuse monster(s)
  7408 | D:8      | XOM: harmless Tloc miscast
  7508 | D:8      | XOM: mild Ice miscast
  7548 | D:8      | XOM: harmless Chrm miscast
  7550 | D:8      | XOM: confusion (+ monsters)
  7589 | D:8      | XOM: silly message
  7671 | D:8      | XOM: enchant monster (bad)
  7681 | D:8      | XOM: chaos cloud
  7786 | D:9      | XOM: medium Pois miscast
  7788 | D:9      | XOM: enchant monster (good)
  7790 | D:9      | XOM: chaos cloud
  7792 | D:9      | XOM: 1-stop teleportation journey
  7882 | D:9      | Found a staircase to the Lair.
  7930 | D:9      | XOM: mild Summ miscast
  7969 | D:9      | XOM: confuse monster(s)
  7982 | D:9      | XOM: noise
  7985 | D:9      | Gained mutation: Your skin changes colour to match your surroundings (Stealth). [potion of beneficial mutation]
  7990 | D:9      | XOM: confusion
  8223 | D:10     | Entered Level 10 of the Dungeon
  8511 | D:10     | XOM: polymorph ice beast -> naga
  8531 | D:10     | XOM: draining
  8567 | D:10     | Reached skill level 10 in Fighting
  8578 | D:10     | Reached XP level 11. HP: 117/117 MP: 4/4
  8600 | D:10     | XOM: god gift: 9 royal jellies
  8759 | D:11     | Noticed a hill giant
  8773 | D:10     | Killed a hill giant
  9003 | D:11     | XOM: smoke on damage
  9022 | D:11     | XOM: fake destruction
  9025 | D:11     | XOM: destruction
  9080 | D:11     | XOM: medium Pois miscast
  9262 | D:11     | Noticed a hill giant
  9270 | D:11     | Killed a hill giant
  9447 | D:11     | XOM: polymorph centaur -> tengu
  9528 | D:11     | XOM: summons 5 hostile demons
  9563 | D:11     | Noticed a great orb of eyes
  9563 | D:11     | a green ugly thing changed into a great orb of eyes
  9563 | D:11     | XOM: polymorph green ugly thing -> great orb of eyes
  9567 | D:11     | XOM: enchant monster (bad)
  9571 | D:11     | Killed a great orb of eyes
  9909 | Lair:1   | Entered Level 1 of the Lair of Beasts
 10233 | Lair:1   | Reached skill level 10 in Staves
 10646 | Lair:1   | Reached skill level 11 in Fighting
 10716 | Lair:1   | XOM: chaos cloud
 10806 | Lair:1   | Noticed Nergalle
 10808 | Lair:1   | XOM: confuse monster(s)
 10825 | Lair:1   | Killed Nergalle
 11160 | Lair:1   | XOM: mild Fire miscast
 11234 | Lair:1   | XOM: harmless Erth miscast
 11419 | Lair:2   | XOM: enchant monster (bad)
 11598 | Lair:2   | Noticed a six-headed hydra
 11613 | Lair:2   | XOM: noise
 11615 | Lair:2   | HP: 1/120 [six-headed hydra (6)]
 11615 | Lair:2   | Mangled by a six-headed hydra

Action                   |  1- 3 |  4- 6 |  7- 9 | 10-12 || total
-------------------------+-------+-------+-------+-------++-------
Melee: Unarmed           |   129 |   240 |    12 |       ||   381
       Lajatang          |       |       |   309 |   469 ||   778
       Giant spiked club |       |       |       |    19 ||    19
 Abil: Spit Poison       |       |     3 |     3 |       ||     6
Evoke: Wand              |       |       |       |     4 ||     4
  Use: Potion            |     6 |     4 |    11 |     6 ||    27
       Scroll            |     2 |       |    22 |    13 ||    37
 Stab: Invisible         |     2 |       |       |       ||     2
       Sleeping          |     1 |       |       |     1 ||     2
       Confused          |       |       |       |     5 ||     5
       Paralysed         |       |       |       |     2 ||     2
  Eat: Chunk             |    15 |    15 |    38 |    37 ||   105
       Pizza             |       |       |       |     1 ||     1
